 Dungeon Crawl Stone Soup version 0.20.1-1-g8b1a95d (webtiles) character file.

181 TheGuigne the Chopper (level 5, -1/45 HPs)
             Began as a Hill Orc Fighter on Aug 17, 2017.
             Was an Initiate of Yredelemnul.
             Slain by an ogre
             ... wielding a +0 giant spiked club
              (7 damage)
             ... on level 4 of the Dungeon.
             The game lasted 00:05:57 (2551 turns).

TheGuigne the Chopper (Hill Orc Fighter)            Turns: 2551, Time: 00:05:58

Health: -1/45      AC:  8    Str: 24    XL:     5   Next: 61%
Magic:  5/5        EV:  7    Int:  9    God:    Yredelemnul [......]
Gold:   176        SH:  9    Dex: 10    Spells: 4/4 levels left

rFire    . . .     SeeInvis .   a - +0 war axe
rCold    . . .     Gourm    .   c - +0 shield
rNeg     . . .     Faith    .   b - +0 scale mail
rPois    .         Spirit   .   j - +0 helmet
rElec    .         Reflect  .   p - scarf {cloud immunity}
rCorr    .         Harm     .   (no gloves)
MR       .....                  (no boots)
Stlth    ..........             (no amulet)
Regen    0.2/turn               (no ring)
MPRegen  0.1/turn               (no ring)

@: mighty
A: no striking features
a: Renounce Religion


You were on level 4 of the Dungeon.
You worshipped Yredelemnul.
Yredelemnul was noncommittal.
You were not hungry.

You visited 2 branches of the dungeon, and saw 5 of its levels.

You collected 176 gold pieces.

Inventory:

Hand Weapons
 a - a +0 war axe (weapon)
 i - a +0 whip
 u - a +0 whip
Missiles
 n - 25 poisoned needles
 z - 5 tomahawks of returning (quivered)
Armour
 b - a +0 scale mail (worn)
 c - a +0 shield (worn)
 j - a +0 helmet (worn)
 p - a scarf of cloud immunity (worn)
Scrolls
 h - 2 scrolls of blinking
 k - a scroll of enchant weapon
 l - a scroll of amnesia {unknown}
 m - 2 scrolls of remove curse
 s - 2 scrolls of teleportation {unknown}
 w - a scroll of noise {unknown}
 y - a scroll of enchant armour {unknown}
Potions
 d - a potion of might
 e - 2 potions of degeneration {unknown}
 q - 2 potions of magic {unknown}
 r - 2 potions of curing {unknown}
 t - a potion of lignification {unknown}
 x - a potion of mutation {unknown}
Comestibles
 f - 2 bread rations
 g - a meat ration
 o - a royal jelly
 v - a chunk of flesh


   Skills:
 - Level 3.6 Fighting
 + Level 7.5 Axes
 - Level 3.2 Armour
 - Level 3.2 Shields


You had 4 spell levels left.
You didn't know any spells.

Dungeon Overview and Level Annotations

Branches:
Dungeon (4/15)             Temple (1/1) D:4

Altars:
Dithmenos
Kikubaaqudgha
Nemelex Xobeh
Okawaru
Qazlal
Ru
Sif Muna
Trog
Xom
Yredelemnul
Zin
The Shining One


Message History

You now have 176 gold pieces (gained 13).
You open the door.
An ogre comes into view. It is wielding a giant spiked club.
The ogre shouts!
There is an open door here.
Your shield prevents you from hitting the ogre.
The ogre hits you with a giant spiked club!!
Ouch! That really hurt!
You are too injured to fight recklessly!
You are too injured to fight recklessly!
Your shield and scale mail prevent you from hitting the ogre.
The ogre hits you with a giant spiked club!
* * * LOW HITPOINT WARNING * * *
You feel very mighty all of a sudden.
You closely miss the ogre. The ogre completely misses you.
You slice the ogre!!
The ogre is almost dead.
The ogre hits you with a giant spiked club!
You die...
Your body rises from the dead as a mindless zombie.

#......... .......#
#.....#.#
#...###+####.......#
........#
#..#8...#..8#......#
.... ..#
##.#...#....#......#
# #.#....#...#......#
. #.'.#.#.#.##......#
.#
#.##.#.#.#.'......#..
..
#.#...#....#.........
#.#....#...#.@.......
#.#8..#...8#..O......
#..####+###..........
#.. ............ ##.
..##......... #. ##.
#......... #
.........# ..........


You could see an ogre.

Vanquished Creatures
  An orc wizard (D:4)
  A worker ant (D:3)
  3 adders
  An ooze (D:3)
  5 worms
  A dart slug (D:1)
  2 leopard geckos (D:3)
  9 orcs
  3 giant cockroaches
  4 goblins
  8 hobgoblins
  13 jackals
  5 kobolds
  3 quokkas
  5 bats
  3 frilled lizards
  A quokka skeleton (D:4)
  6 rats
74 creatures vanquished.

Notes
Turn   | Place    | Note
-------+----------+-------------------------------------------
     0 | D:1      | TheGuigne the Hill Orc Fighter began the quest for the Orb.
     0 | D:1      | Reached XP level 1. HP: 19/19 MP: 1/1
    52 | D:1      | Reached skill level 3 in Axes
    81 | D:1      | Reached XP level 2. HP: 21/26 MP: 2/2
   223 | D:1      | Reached skill level 4 in Axes
   667 | D:1      | Reached XP level 3. HP: 31/31 MP: 3/3
   813 | D:2      | Reached skill level 5 in Axes
  1013 | D:2      | Reached XP level 4. HP: 23/39 MP: 4/4
  1285 | D:3      | Reached skill level 6 in Axes
  1479 | D:3      | Found a deep blue altar of Sif Muna.
  1650 | D:3      | Reached XP level 5. HP: 45/45 MP: 5/5
  2008 | D:4      | Reached skill level 7 in Axes
  2029 | D:4      | Found a staircase to the Ecumenical Temple.
  2046 | Temple   | Entered the Ecumenical Temple
  2068 | Temple   | Became a worshipper of Yredelemnul the Dark
  2544 | D:4      | Noticed an ogre
  2551 | D:4      | Slain by an ogre

Skill      XL: |  1  2  3  4  5 |
---------------+----------------+-----
Axes           | 3 4 5 6 7 |  7.5
Fighting       | |  3.6
Armour         | |  3.2
Shields        | |  3.2

Action                   |  1- 3 |  4- 6 || total
-------------------------+-------+-------++-------
Melee: War axe           |   116 |   133 ||   249
  Use: Scroll            |       |     3 ||     3
       Potion            |       |     1 ||     1
  Eat: Chunk             |     1 |     5 ||     6
Armor: Scale mail        |    49 |    49 ||    98
Dodge: Dodged            |    35 |    44 ||    79
Block: Shield            |    68 |    60 ||   128
